NCAA
MISSISSIPPI STATE BULLDOGS @ FLORIDA STATE SEMINOLES
05/19/2025
 
TOP OF THE 1ST
Mississippi State Bulldogs batting - Pitching for Florida State Seminoles : LHP Sam Olson
Pitching: LHP Sam Olson
Batting: RHB Cole Quintsey 0-0: Swinging Strike
0-1: Foul Ball, location: 2F
0-2: Strikes out swinging
Batting: LHB Marvin Nichols 0-0: Called Strike
0-1: Foul Ball, location: 2F
0-2: Ball
1-2: Strikes out looking
Batting: RHB Johnny Williams 0-0: DOUBLE (Groundball, 5L)
Batting: RHB Eric Thompson 0-0: Ball
1-0: Ball
2-0: Called Strike
2-1: Foul Ball, location: 2F
2-2: Ball
3-2: Base on Balls
Batting: RHB Larry Beauregard 0-0: Swinging Strike
0-1: Ball
1-1: Called Strike
1-2: Ball
2-2: Strikes out swinging
Top of the 1st over - 0 run(s), 1 hit(s), 0 error(s), 2 left on base; Mississippi State 0 - Florida State 0
BOTTOM OF THE 1ST
Florida State Seminoles batting - Pitching for Mississippi State Bulldogs : RHP Miguel Ramírez
Pitching: RHP Miguel Ramírez
Batting: RHB Art Cameron 0-0: Ball
1-0: Foul Ball, location: 2F
1-1: Ball
2-1: Swinging Strike
2-2: Strikes out swinging
Batting: RHB Adam Davis 0-0: Ball
1-0: Ball
2-0: Ball
3-0: Called Strike
3-1: Called Strike
3-2: Foul Ball, location: 2F
3-2: Strikes out looking
Batting: LHB Richard Olvera 0-0: Ball
1-0: Fly out, F9 (Flyball, 9S)
Bottom of the 1st over - 0 run(s), 0 hit(s), 0 error(s), 0 left on base; Mississippi State 0 - Florida State 0
TOP OF THE 2ND
Mississippi State Bulldogs batting - Pitching for Florida State Seminoles : LHP Sam Olson
Batting: RHB Woody Wright 0-0: Ball
1-0: Ball
2-0: Swinging Strike
2-1: Fly out, F9 (Flyball, 9M)
Batting: SHB Rick Hinton 0-0: Foul Ball, location: 2F
0-1: Ball
1-1: Foul Ball, location: 2F
1-2: Ball
2-2: Strikes out swinging
Batting: RHB Jeremy Davis 0-0: Ground out 1-3 (Groundball, 25)
Top of the 2nd over - 0 run(s), 0 hit(s), 0 error(s), 0 left on base; Mississippi State 0 - Florida State 0
BOTTOM OF THE 2ND
Florida State Seminoles batting - Pitching for Mississippi State Bulldogs : RHP Miguel Ramírez
Batting: RHB Rusty Bennett 0-0: Ball
1-0: Foul Ball, location: 2F
1-1: Foul Ball, location: 2F
1-2: Ball
2-2: Strikes out swinging
Batting: LHB Randy Wiggins 0-0: Ground out 1-3 (Groundball, 13)
Batting: RHB Aaron Duncan 0-0: Ball
1-0: Foul Ball, location: 2F
1-1: Ground out 5-3 (Groundball, 56S)
Bottom of the 2nd over - 0 run(s), 0 hit(s), 0 error(s), 0 left on base; Mississippi State 0 - Florida State 0
TOP OF THE 3RD
Mississippi State Bulldogs batting - Pitching for Florida State Seminoles : LHP Sam Olson
Batting: SHB Alex Stewart 0-0: Called Strike
0-1: Ball
1-1: Foul Ball, location: 2F
1-2: Ball
2-2: Foul Ball, location: 2F
2-2: Ball
3-2: Strikes out swinging
Batting: RHB Cole Quintsey 0-0: Ball
1-0: Ball
2-0: Ball
3-0: Called Strike
3-1: Called Strike
3-2: Base on Balls
Batting: LHB Marvin Nichols 0-0: Ball
1-0: Ground out 5-3 (Groundball, 5S)
Cole Quintsey to second
Batting: RHB Johnny Williams 0-0: Called Strike
0-1: Ground out 2-3 (Groundball, 2R)
Top of the 3rd over - 0 run(s), 0 hit(s), 0 error(s), 1 left on base; Mississippi State 0 - Florida State 0
BOTTOM OF THE 3RD
Florida State Seminoles batting - Pitching for Mississippi State Bulldogs : RHP Miguel Ramírez
Batting: RHB Rubén Hernández 0-0: Called Strike
0-1: Ball
1-1: Ball
2-1: Foul Ball, location: 2F
2-2: Ground out 4-3 (Groundball, 4)
Batting: RHB Elliott Bell 0-0: Called Strike
0-1: Called Strike
0-2: Foul Ball, location: 2F
0-2: Ball
1-2: Foul Ball, location: 2F
1-2: Strikes out swinging
Batting: RHB Larry Davis 0-0: Ball
1-0: Ball
2-0: Ball
3-0: Called Strike
3-1: Foul Ball, location: 2F
3-2: Base on Balls
Batting: RHB Art Cameron 0-0: Ball
1-0: Called Strike
1-1: Ball
2-1: Swinging Strike
2-2: Ball
3-2: Strikes out looking
Bottom of the 3rd over - 0 run(s), 0 hit(s), 0 error(s), 1 left on base; Mississippi State 0 - Florida State 0
TOP OF THE 4TH
Mississippi State Bulldogs batting - Pitching for Florida State Seminoles : LHP Sam Olson
Batting: RHB Eric Thompson 0-0: Ball
1-0: Foul Ball, location: 2F
1-1: Ball
2-1: Ground out 6-3 (Groundball, 6)
Batting: RHB Larry Beauregard 0-0: SINGLE (Groundball, 6MD)
Batting: RHB Woody Wright 0-0: Ball
1-0: Ball
2-0: Called Strike
2-1: Swinging Strike
2-2: Foul Ball, location: 2F
2-2: Strikes out swinging
Batting: SHB Rick Hinton 0-0: Called Strike
Pickoff Throw to First - Out!
Top of the 4th over - 0 run(s), 1 hit(s), 0 error(s), 0 left on base; Mississippi State 0 - Florida State 0
BOTTOM OF THE 4TH
Florida State Seminoles batting - Pitching for Mississippi State Bulldogs : RHP Miguel Ramírez
Batting: RHB Adam Davis 0-0: Ground out 1-3 (Groundball, 15)
Batting: LHB Richard Olvera 0-0: Called Strike
0-1: Fly out, F8 (Line Drive, 8LD)
Batting: RHB Rusty Bennett 0-0: Ball
1-0: Ball
2-0: Called Strike
2-1: Foul Ball, location: 2F
2-2: Ball
3-2: Ground out 1-3 (Groundball, 15)
Bottom of the 4th over - 0 run(s), 0 hit(s), 0 error(s), 0 left on base; Mississippi State 0 - Florida State 0
TOP OF THE 5TH
Mississippi State Bulldogs batting - Pitching for Florida State Seminoles : LHP Sam Olson
Batting: SHB Rick Hinton 0-0: Called Strike
0-1: Called Strike
0-2: Strikes out swinging
Batting: RHB Jeremy Davis 0-0: Ball
1-0: Ball
2-0: Ball
3-0: Called Strike
3-1: Base on Balls
Batting: SHB Alex Stewart 0-0: Called Strike
0-1: Ball
1-1: Ball
2-1: Ball
3-1: Foul Ball, location: 2F
3-2: Foul Ball, location: 2F
3-2: Foul Ball, location: 2F
3-2: Foul Ball, location: 2F
3-2: Foul Ball, location: 2F
3-2: Strikes out looking
Batting: RHB Cole Quintsey 0-0: Ball
1-0: Ball
2-0: Ball
3-0: Base on Balls
Jeremy Davis to second
Pitching: RHP José Amaya
Batting: LHB Marvin Nichols 0-0: Ball
1-0: Ball
2-0: SINGLE (Groundball, 6M)
Jeremy Davis to third
Cole Quintsey to second
Runner from 3rd tries for Home, SAFE, throw made at trailing runner, OUT at third!
Top of the 5th over - 1 run(s), 1 hit(s), 0 error(s), 1 left on base; Mississippi State 1 - Florida State 0
BOTTOM OF THE 5TH
Florida State Seminoles batting - Pitching for Mississippi State Bulldogs : RHP Miguel Ramírez
Batting: LHB Randy Wiggins 0-0: Ball
1-0: Swinging Strike
1-1: SINGLE (Groundball, 34D)
Batting: RHB Aaron Duncan 0-0: Fly out, F8 (Flyball, 8RM)
Batting: RHB Rubén Hernández 0-0: Ball
1-0: Called Strike
1-1: Swinging Strike
1-2: Ball
2-2: Ball
3-2: Base on Balls
Randy Wiggins to second
Batting: RHB Elliott Bell 0-0: Swinging Strike
0-1: Grounds into double play, 5-4-3 (Groundball, 56)
Bottom of the 5th over - 0 run(s), 1 hit(s), 0 error(s), 1 left on base; Mississippi State 1 - Florida State 0
TOP OF THE 6TH
Mississippi State Bulldogs batting - Pitching for Florida State Seminoles : RHP José Amaya
Batting: RHB Johnny Williams 0-0: Ball
1-0: Foul Ball, location: 2F
1-1: Foul Ball, location: 2F
1-2: Foul Ball, location: 2F
1-2: Fly out, F9 (Flyball, 89XD)
Batting: RHB Eric Thompson 0-0: SINGLE (Flyball, 89S)
Batting: RHB Larry Beauregard 0-0: Grounds into double play, 4-6-3 (Groundball, 34)
Top of the 6th over - 0 run(s), 1 hit(s), 0 error(s), 0 left on base; Mississippi State 1 - Florida State 0
BOTTOM OF THE 6TH
Florida State Seminoles batting - Pitching for Mississippi State Bulldogs : RHP Miguel Ramírez
Batting: RHB Larry Davis 0-0: Fly out, F4 (Popup, 4MD)
Batting: RHB Art Cameron 0-0: Fly out, F5 (Line Drive, 5)
Batting: RHB Adam Davis 0-0: Ball
1-0: Called Strike
1-1: Ball
2-1: Swinging Strike
2-2: Ball
3-2: Foul Ball, location: 2F
3-2: Base on Balls
Batting: LHB Richard Olvera 0-0: Ground out U3 (Groundball, 3L)
Bottom of the 6th over - 0 run(s), 0 hit(s), 0 error(s), 1 left on base; Mississippi State 1 - Florida State 0
TOP OF THE 7TH
Mississippi State Bulldogs batting - Pitching for Florida State Seminoles : RHP José Amaya
Batting: RHB Woody Wright 0-0: Called Strike
0-1: Fly out, F4 (Popup, 34)
Batting: SHB Rick Hinton 0-0: Reached on error, E5 (Groundball, 5)
Batting: RHB Jeremy Davis 0-0: Ball
1-0: Foul Ball, location: 2F
1-1: Foul Ball, location: 2F
1-2: Foul Ball, location: 2F
1-2: Strikes out swinging
Batting: SHB Alex Stewart 0-0: Ball
1-0: Swinging Strike
1-1: Called Strike
1-2: Strikes out swinging
Top of the 7th over - 0 run(s), 0 hit(s), 1 error(s), 1 left on base; Mississippi State 1 - Florida State 0
BOTTOM OF THE 7TH
Florida State Seminoles batting - Pitching for Mississippi State Bulldogs : RHP Miguel Ramírez
Batting: RHB Rusty Bennett 0-0: Called Strike
0-1: Called Strike
0-2: DOUBLE (Line Drive, 7LS)
Pitching: RHP Roberto Pérez
Batting: LHB Randy Wiggins 0-0: Swinging Strike
0-1: Ball
1-1: Foul Ball, location: 2F
1-2: Foul Ball, location: 2F
1-2: Ball
2-2: Foul Ball, location: 2F
2-2: Ball
3-2: Base on Balls
Batting: RHB Aaron Duncan 0-0: Bunted foul
0-1: Bunted foul
0-2: Strikes out swinging
Batting: RHB Rubén Hernández 0-0: Ball
1-0: Ball
2-0: Fly out, F7 (Flyball, 7LM)
Batting: RHB Elliott Bell 0-0: Ball
1-0: Ball
2-0: Called Strike
2-1: Foul Ball, location: 2F
2-2: Foul Ball, location: 2F
2-2: Strikes out swinging
Bottom of the 7th over - 0 run(s), 1 hit(s), 0 error(s), 2 left on base; Mississippi State 1 - Florida State 0
TOP OF THE 8TH
Mississippi State Bulldogs batting - Pitching for Florida State Seminoles : RHP José Amaya
Pitching: LHP Jeffery Mitchell
Batting: RHB Cole Quintsey 0-0: Ball
1-0: Ball
2-0: Ball
3-0: Base on Balls
Batting: LHB Marvin Nichols 0-0: Foul Ball, location: 2F
0-1: Bunted foul
0-2: Grounds into double play, 4-6-3 (Groundball, 4)
Batting: RHB Johnny Williams 0-0: Ball
1-0: Fly out, F4 (Line Drive, 4)
Top of the 8th over - 0 run(s), 0 hit(s), 0 error(s), 0 left on base; Mississippi State 1 - Florida State 0
BOTTOM OF THE 8TH
Florida State Seminoles batting - Pitching for Mississippi State Bulldogs : RHP Roberto Pérez
Batting: RHB Larry Davis 0-0: Ball
1-0: Ball
2-0: Ball
3-0: Base on Balls
Batting: RHB Art Cameron 0-0: Ball
1-0: Sac Bunt - play at first, batter OUT! U3
Larry Davis to second
Batting: RHB Adam Davis 0-0: Swinging Strike
0-1: Ball
1-1: Ball
2-1: Called Strike
2-2: Ball
3-2: Foul Ball, location: 2F
3-2: Strikes out looking
Pitching: LHP Felipe Villarreal
Batting: LHB Richard Olvera 0-0: Ball
Wild Pitch!
Larry Davis to third
1-0: Foul Ball, location: 2F
1-1: Ball
2-1: Foul Ball, location: 2F
2-2: Foul Ball, location: 2F
2-2: Foul Ball, location: 2F
2-2: Ground out 4-3 (Groundball, 4M)
Bottom of the 8th over - 0 run(s), 0 hit(s), 0 error(s), 1 left on base; Mississippi State 1 - Florida State 0
TOP OF THE 9TH
Mississippi State Bulldogs batting - Pitching for Florida State Seminoles : LHP Jeffery Mitchell
Pitching: RHP Jason Mason
Batting: RHB Eric Thompson 0-0: Called Strike
0-1: Ball
1-1: SINGLE (Line Drive, 7LM)
Batting: RHB Larry Beauregard 0-0: Called Strike
0-1: Foul Ball, location: 2F
0-2: Ball
1-2: Fielders Choice at 2nd, 5-4 (Groundball, 56)
Batting: RHB Woody Wright 0-0: Called Strike
0-1: Ball
1-1: Swinging Strike
1-2: Strikes out swinging
Batting: SHB Rick Hinton 0-0: Ball
1-0: Called Strike
1-1: Swinging Strike
1-2: Ball
2-2: Ball
3-2: Ground out 1-3 (Groundball, 13S)
Top of the 9th over - 0 run(s), 1 hit(s), 0 error(s), 1 left on base; Mississippi State 1 - Florida State 0
BOTTOM OF THE 9TH
Florida State Seminoles batting - Pitching for Mississippi State Bulldogs : LHP Felipe Villarreal
Batting: RHB Rusty Bennett 0-0: Ball
1-0: Ball
2-0: Called Strike
2-1: Ball
3-1: Foul Ball, location: 2F
3-2: Strikes out swinging
Batting: LHB Randy Wiggins 0-0: Called Strike
0-1: Ball
1-1: Swinging Strike
1-2: Foul Ball, location: 2F
1-2: Foul Ball, location: 2F
1-2: SINGLE (Groundball, 5S) (infield hit)
Batting: RHB Aaron Duncan 0-0: Ball
1-0: Grounds into double play, 1-6-3 (Groundball, 13S)
Bottom of the 9th over - 0 run(s), 1 hit(s), 0 error(s), 0 left on base; Mississippi State 1 - Florida State 0
This league is powered by Out of the Park Baseball, the baseball management simulation game for PC, Mac and Linux
Tuesday, August 2nd, 2016 - OOTP Baseball 16.8 Build 38